BSA
POCATELLO BELLAS @ KANSAS CITY KINGS
03/04/2029
 
TOP OF THE 1ST
Pocatello Boccabellas batting - Pitching for Kansas City Kings : LHP Carlos Tavárez
Pitching: LHP Carlos Tavárez
Batting: RHB Tomás Carranza 0-0: Ball
1-0: Ball
2-0: Ball
3-0: Called Strike
3-1: Swinging Strike
3-2: Base on Balls
Batting: RHB R.J. Parker 0-0: Called Strike
0-1: Foul Ball, location: 2F
0-2: Grounds into double play, 6-4-3 (Groundball, 6)
Batting: RHB Toshimichi Kono 0-0: Reached via error on a dropped throw, E1
Batting: RHB Jeremy Carr 0-0: Called Strike
0-1: Ball
1-1: Foul Ball, location: 2F
1-2: Foul Ball, location: 2F
1-2: Fly out, F6 (Popup, 6MS)
Top of the 1st over - 0 runs, 0 hits, 1 error, 1 left on base; Pocatello 0 - Kansas City 0
BOTTOM OF THE 1ST
Kansas City Kings batting - Pitching for Pocatello Boccabellas : RHP Kevin Bush
Pitching: RHP Kevin Bush
Batting: SHB Douglas Taylor 0-0: Foul Ball, location: 2F
0-1: Ball
1-1: Foul Ball, location: 2F
1-2: Ball
2-2: Fly out, F8 (Flyball, 78XD)
Batting: RHB Cy Keynes 0-0: Ball
1-0: Foul Ball, location: 2F
1-1: Called Strike
1-2: Ball
2-2: Foul Ball, location: 2F
2-2: Strikes out swinging
Batting: RHB Chris Chandler 0-0: Ball
1-0: Called Strike
1-1: Foul Ball, location: 2F
1-2: Fly out, F9 (Flyball, 9)
Bottom of the 1st over - 0 runs, 0 hits, 0 errors, 0 left on base; Pocatello 0 - Kansas City 0
TOP OF THE 2ND
Pocatello Boccabellas batting - Pitching for Kansas City Kings : LHP Carlos Tavárez
Batting: LHB Ray Bryant 0-0: Called Strike
0-1: Ground out 4-3 (Groundball, 4)
Batting: RHB Francisco Sandoval 0-0: Ball
1-0: Called Strike
1-1: Ball
2-1: Fly out, F9 (Flyball, 9)
Batting: RHB Morgan Gibbon 0-0: Called Strike
0-1: Fly out, F9 (Flyball, 89M)
Top of the 2nd over - 0 runs, 0 hits, 0 errors, 0 left on base; Pocatello 0 - Kansas City 0
BOTTOM OF THE 2ND
Kansas City Kings batting - Pitching for Pocatello Boccabellas : RHP Kevin Bush
Batting: LHB Ron Crawford 0-0: Swinging Strike
0-1: Ball
1-1: Ball
2-1: Ball
3-1: Called Strike
3-2: Strikes out looking
Batting: LHB Greg Schultz 0-0: SINGLE (Groundball, 34D)
Batting: RHB Dave Parker 0-0: Ball
1-0: Called Strike
1-1: Called Strike
1-2: Ball
2-2: Strikes out swinging
Batting: LHB Luis González 0-0: Foul Ball, location: 2F
0-1: Called Strike
0-2: Foul Ball, location: 2F
0-2: Foul Ball, location: 2F
0-2: Ball
1-2: Foul Ball, location: 2F
1-2: Ball
2-2: Strikes out swinging
Bottom of the 2nd over - 0 runs, 1 hit, 0 errors, 1 left on base; Pocatello 0 - Kansas City 0
TOP OF THE 3RD
Pocatello Boccabellas batting - Pitching for Kansas City Kings : LHP Carlos Tavárez
Batting: RHB José Delgado 0-0: Called Strike
0-1: Called Strike
0-2: Foul Ball, location: 2F
0-2: Ball
1-2: Hit by Pitch
Batting: RHB Rafael Carreón 0-0: Called Strike
0-1: Ball
1-1: Ball
2-1: Swinging Strike
2-2: Foul Ball, location: 2F
2-2: Strikes out swinging
Batting: RHB Tomás Carranza 0-0: Ball
1-0: Ball
2-0: DOUBLE (Line Drive, 7LD)
José Delgado to third
Batting: RHB R.J. Parker 0-0: Called Strike
0-1: Foul Ball, location: 2F
0-2: Ball
1-2: Foul Ball, location: 2F
1-2: Ball
2-2: Ball
3-2: Base on Balls
Batting: RHB Toshimichi Kono 0-0: Ball
1-0: Foul Ball, location: 2F
1-1: Ground out 6-3 (Groundball, 6S)
José Delgado scores
Tomás Carranza to third
R.J. Parker to second
Batting: RHB Jeremy Carr 0-0: Ground out 6-3 (Groundball, 6)
Top of the 3rd over - 1 run, 1 hit, 0 errors, 2 left on base; Pocatello 1 - Kansas City 0
BOTTOM OF THE 3RD
Kansas City Kings batting - Pitching for Pocatello Boccabellas : RHP Kevin Bush
Batting: LHB Howard Lambert 0-0: Ball
1-0: Called Strike
1-1: Called Strike
1-2: Ball
2-2: Ball
3-2: Foul Ball, location: 2F
3-2: Base on Balls
Batting: RHB Oliver Lugo 0-0: Ball
Howard Lambert steals 2nd base
1-0: Swinging Strike
1-1: Ball
2-1: Ball
Wild Pitch!
Howard Lambert to third
3-1: Foul Ball, location: 2F
3-2: Strikes out swinging
Batting: SHB Douglas Taylor 0-0: Ball
1-0: Swinging Strike
1-1: Ground out 5-3 (Groundball, 5L)
Batting: RHB Cy Keynes 0-0: Ball
1-0: SINGLE (Line Drive, 6M)
Howard Lambert scores
Batting: RHB Chris Chandler 0-0: Ball
1-0: Ball
2-0: Ball
3-0: Base on Balls
Cy Keynes to second
Batting: LHB Ron Crawford 0-0: Called Strike
0-1: Foul Ball, location: 2F
0-2: Fly out, F9 (Flyball, 9LSF)
Bottom of the 3rd over - 1 run, 1 hit, 0 errors, 2 left on base; Pocatello 1 - Kansas City 1
TOP OF THE 4TH
Pocatello Boccabellas batting - Pitching for Kansas City Kings : LHP Carlos Tavárez
Batting: LHB Ray Bryant 0-0: Called Strike
0-1: Called Strike
0-2: Ball
1-2: Ball
2-2: Ball
3-2: Base on Balls
Batting: RHB Francisco Sandoval 0-0: Foul Ball, location: 2F
0-1: Foul Ball, location: 2F
0-2: Ball
1-2: Foul Ball, location: 2F
1-2: Ball
2-2: Fly out, F8 (Flyball, 8LM)
Batting: RHB Morgan Gibbon 0-0: Ball
1-0: Ball
2-0: Called Strike
2-1: Called Strike
2-2: Ball
3-2: Base on Balls
Ray Bryant to second
Batting: RHB José Delgado 0-0: Ball
1-0: Called Strike
1-1: Foul Ball, location: 2F
1-2: Strikes out swinging
Batting: RHB Rafael Carreón 0-0: Called Strike
0-1: Called Strike
0-2: Foul Ball, location: 2F
0-2: Strikes out swinging
Top of the 4th over - 0 runs, 0 hits, 0 errors, 2 left on base; Pocatello 1 - Kansas City 1
BOTTOM OF THE 4TH
Kansas City Kings batting - Pitching for Pocatello Boccabellas : RHP Kevin Bush
Batting: LHB Greg Schultz 0-0: Foul Ball, location: 2F
0-1: Ground out 4-3 (Groundball, 4)
Batting: RHB Dave Parker 0-0: Ball
1-0: Ball
2-0: Ball
3-0: Base on Balls
Batting: LHB Luis González 0-0: Called Strike
0-1: Fly out, F7 (Flyball, 7LD)
Batting: LHB Howard Lambert 0-0: Ball
1-0: Ball
2-0: Foul Ball, location: 2F
2-1: Swinging Strike
2-2: Ball
3-2: Strikes out looking
Bottom of the 4th over - 0 runs, 0 hits, 0 errors, 1 left on base; Pocatello 1 - Kansas City 1
TOP OF THE 5TH
Pocatello Boccabellas batting - Pitching for Kansas City Kings : LHP Carlos Tavárez
Pitching: LHP Tim Davidson
Batting: RHB Tomás Carranza 0-0: Ground out 3-1 (Groundball, 34)
Batting: RHB R.J. Parker 0-0: Ground out 5-3 (Groundball, 2L)
Batting: RHB Toshimichi Kono 0-0: Ball
1-0: SINGLE (Groundball, 6MD)
Batting: RHB Jeremy Carr 0-0: Foul Ball, location: 2F
0-1: Ball
1-1: 2-RUN HOME RUN (Flyball, 7LD), Distance : 347 ft
Batting: LHB Ray Bryant 0-0: Swinging Strike
0-1: Swinging Strike
0-2: Foul Ball, location: 2F
0-2: Ground out 4-3 (Groundball, 34D)
Top of the 5th over - 2 runs, 2 hits, 0 errors, 0 left on base; Pocatello 3 - Kansas City 1
BOTTOM OF THE 5TH
Kansas City Kings batting - Pitching for Pocatello Boccabellas : RHP Kevin Bush
Pitching: RHP Flávio De Brito
Batting: RHB Oliver Lugo 0-0: Foul Ball, location: 2F
0-1: Ball
1-1: Swinging Strike
1-2: Ground out 3-1 (Groundball, 34)
Batting: SHB Douglas Taylor 0-0: Ball
1-0: Ball
2-0: Called Strike
2-1: Ground out 5-3 (Groundball, 5S)
Batting: RHB Cy Keynes 0-0: Ball
1-0: Foul Ball, location: 2F
1-1: Ball
2-1: Ball
3-1: Ground out 1-3 (Groundball, 15S)
Bottom of the 5th over - 0 runs, 0 hits, 0 errors, 0 left on base; Pocatello 3 - Kansas City 1
TOP OF THE 6TH
Pocatello Boccabellas batting - Pitching for Kansas City Kings : LHP Tim Davidson
Pitching: LHP Rob Lucas
Batting: RHB Francisco Sandoval 0-0: Ball
1-0: Ball
2-0: Ball
3-0: Called Strike
3-1: Foul Ball, location: 2F
3-2: Base on Balls
Batting: RHB Morgan Gibbon 0-0: Ground out 5-3 (Groundball, 56S)
Francisco Sandoval to second
Batting: RHB José Delgado 0-0: Ball
1-0: Ball
2-0: Ball
3-0: Called Strike
3-1: Swinging Strike
3-2: Base on Balls
Batting: RHB Rafael Carreón 0-0: Foul Ball, location: 2F
0-1: Ball
1-1: Foul Ball, location: 2F
1-2: Ball
2-2: Fly out, F8 (Flyball, 8LD)
Pinch Hitting: RHB Enrico Rodríguez 0-0: Ball
1-0: Called Strike
1-1: Foul Ball, location: 2F
1-2: Foul Ball, location: 2F
1-2: Ball
2-2: Ball
3-2: Foul Ball, location: 2F
3-2: Strikes out swinging
Top of the 6th over - 0 runs, 0 hits, 0 errors, 2 left on base; Pocatello 3 - Kansas City 1
BOTTOM OF THE 6TH
Kansas City Kings batting - Pitching for Pocatello Boccabellas : RHP Flávio De Brito
Now in CF: Héctor Rentería
Batting: RHB Chris Chandler 0-0: Called Strike
0-1: Ball
1-1: Ball
2-1: Ball
3-1: Base on Balls
Batting: LHB Ron Crawford 0-0: Foul Ball, location: 2F
0-1: Ball
1-1: Ball
Chris Chandler is caught stealing 2nd base
2-1: Ball
3-1: Base on Balls
Batting: LHB Greg Schultz 0-0: Ball
Ron Crawford steals 2nd base
1-0: Called Strike
1-1: Ball
2-1: Fly out, F7 (Line Drive, 8LS)
Batting: RHB Dave Parker 0-0: Ball
1-0: Swinging Strike
1-1: Ground out 4-3 (Groundball, 4M)
Bottom of the 6th over - 0 runs, 0 hits, 0 errors, 1 left on base; Pocatello 3 - Kansas City 1
TOP OF THE 7TH
Pocatello Boccabellas batting - Pitching for Kansas City Kings : LHP Rob Lucas
Batting: RHB Enrique Soto 0-0: Swinging Strike
0-1: Ball
1-1: Fly out, F9 (Flyball, 9)
Pinch Hitting: RHB Clyde Kelley 0-0: Ball
1-0: SINGLE (Flyball, 9LS)
Pinch Hitting: RHB Jackson Gibson 0-0: Called Strike
0-1: Ball
1-1: Ball
2-1: Foul Ball, location: 2F
2-2: Ball
3-2: Fly out, F8 (Line Drive, 8LM)
Pinch Hitting: RHB Octávio Zúñiga 0-0: Ball
1-0: Ball
2-0: Foul Ball, location: 2F
2-1: Foul Ball, location: 2F
2-2: 2-RUN HOME RUN (Flyball, 78XD), Distance : 425 ft
Pitching: LHP Morgan McDormand
Pinch Hitting: LHB José Delgado 0-0: Foul Ball, location: 2F
0-1: Ball
1-1: Ball
2-1: Ground out 4-3 (Groundball, 4S)
Top of the 7th over - 2 runs, 2 hits, 0 errors, 0 left on base; Pocatello 5 - Kansas City 1
BOTTOM OF THE 7TH
Kansas City Kings batting - Pitching for Pocatello Boccabellas : RHP Flávio De Brito
Now at 2B: Clyde Kelley
Now at 3B: Tony Hernández
Now in LF: Jackson Gibson
Now in CF: Octávio Zúñiga
Batting: LHB Luis González 0-0: Ball
1-0: Ball
2-0: Ball
3-0: Called Strike
3-1: Foul Ball, location: 2F
3-2: Foul Ball, location: 2F
3-2: Foul Ball, location: 2F
3-2: SOLO HOME RUN (Flyball, 9D), Distance : 378 ft
Batting: LHB Howard Lambert 0-0: Called Strike
0-1: Called Strike
0-2: Ball
1-2: Foul Ball, location: 2F
1-2: Foul Ball, location: 2F
1-2: Ball
2-2: Ball
3-2: Foul Ball, location: 2F
3-2: Base on Balls
Batting: RHB Oliver Lugo 0-0: Ball
1-0: Ball
2-0: Called Strike
2-1: Foul Ball, location: 2F
2-2: Strikes out looking
Pinch Hitting: RHB Eric Fuller 0-0: Called Strike
0-1: Called Strike
0-2: Ball
1-2: Strikes out swinging
Pinch Hitting: LHB Michael Cook 0-0: Ball
1-0: Called Strike
1-1: Ball
2-1: Foul Ball, location: 2F
2-2: Fly out, F9 (Flyball, 89M)
Bottom of the 7th over - 1 run, 1 hit, 0 errors, 1 left on base; Pocatello 5 - Kansas City 2
TOP OF THE 8TH
Pocatello Boccabellas batting - Pitching for Kansas City Kings : LHP Morgan McDormand
Now at 1B: Eric Fuller
Now in CF: Manny Salazar
Pinch Hitting: LHB Pedro Camacho 0-0: Called Strike
0-1: Called Strike
0-2: Strikes out swinging
Batting: RHB José Delgado 0-0: Ball
1-0: Ground out 6-3 (Groundball, 6)
Batting: RHB Rafael Carreón 0-0: Foul Ball, location: 2F
0-1: Swinging Strike
0-2: Ball
1-2: Foul Ball, location: 2F
1-2: Ball
2-2: Strikes out swinging
Top of the 8th over - 0 runs, 0 hits, 0 errors, 0 left on base; Pocatello 5 - Kansas City 2
BOTTOM OF THE 8TH
Kansas City Kings batting - Pitching for Pocatello Boccabellas : RHP Flávio De Brito
Pitching: LHP Santiago González
Now in CF: Pedro Camacho
Pinch Hitting: RHB Gregg Nelson 0-0: Ground out 6-3 (Groundball, 6)
Pinch Hitting: RHB Norm Francis 0-0: Fly out, F8 (Flyball, 8LXD)
Batting: LHB Greg Schultz 0-0: Called Strike
0-1: Ground out U3 (Groundball, 3S)
Bottom of the 8th over - 0 runs, 0 hits, 0 errors, 0 left on base; Pocatello 5 - Kansas City 2
TOP OF THE 9TH
Pocatello Boccabellas batting - Pitching for Kansas City Kings : LHP Morgan McDormand
Now at 2B: Gregg Nelson
Now in RF: Jesús Bueno
Batting: LHB Héctor Rentería 0-0: Ball
1-0: Foul Ball, location: 2F
1-1: Foul Ball, location: 2F
1-2: Foul Ball, location: 2F
1-2: Ball
2-2: Foul Ball, location: 2F
2-2: Ball
3-2: Strikes out swinging
Batting: RHB Enrique Soto 0-0: Foul Ball, location: 2F
0-1: Fly out, F9 (Line Drive, 9LM)
Batting: RHB Clyde Kelley 0-0: Called Strike
0-1: Foul Ball, location: 2F
0-2: Strikes out looking
Top of the 9th over - 0 runs, 0 hits, 0 errors, 0 left on base; Pocatello 5 - Kansas City 2
BOTTOM OF THE 9TH
Kansas City Kings batting - Pitching for Pocatello Boccabellas : LHP Santiago González
Pitching: RHP Jaime Espinoza
Pinch Hitting: SHB Jeff Chambers 0-0: Foul Ball, location: 2F
0-1: Ball
1-1: Called Strike
1-2: Ball
2-2: Strikes out swinging
Pinch Hitting: RHB Jon Krohne 0-0: Ball
1-0: Foul Ball, location: 2F
1-1: Ground out 6-3 (Groundball, 6)
Batting: RHB Tony Quinn 0-0: Ball
1-0: Ball
2-0: Called Strike
2-1: Called Strike
2-2: Strikes out swinging
Bottom of the 9th over - 0 runs, 0 hits, 0 errors, 0 left on base; Pocatello 5 - Kansas City 2
Saturday, December 16th, 2017 - OOTP Baseball 18.8 Build 76